 Dungeon Crawl Stone Soup version 0.25-a0-2-g6559c6c67a (webtiles) character file.

Game seed: 2758007918682644313, levelgen mode: deterministic

8 CryoSword the Skirmisher (level 2, 16/24 HPs)
             Began as a Demonspawn Fighter on Oct 14, 2019.
             Quit the game on level 1 of the Dungeon.
             The game lasted 00:00:48 (140 turns).

CryoSword the Skirmisher (Demonspawn Fighter)        Turns: 140, Time: 00:00:49

Health: 16/24      AC:  6    Str: 16    XL:     2   Next: 0%
Magic:  2/2        EV:  9    Int:  9    God:
Gold:   27         SH:  0    Dex: 12    Spells: 1/1 levels left

rFire    . . .     SeeInvis .   a - +0 long sword
rCold    . . .     Gourm    .   (no shield)
rNeg     . . .     Faith    .   b - +0 scale mail
rPois    .         Spirit   .   (no helmet)
rElec    .         Reflect  .   (no cloak)
rCorr    .         Harm     .   (no gloves)
MR       .....                  (no boots)
Stlth    ..........             (no amulet)
HPRegen  0.08/turn              (no ring)
MPRegen  0.08/turn              (no ring)

@: no status effects
A: claws 1
a: no special abilities


You were on level 1 of the Dungeon.
You were not hungry.

You visited 1 branch of the dungeon, and saw 1 of its levels.

You collected 27 gold pieces.

Inventory:

Hand Weapons
 a - a +0 long sword (weapon)
Armour
 b - a +0 scale mail (worn)
 c - a +0 shield
Scrolls
 h - a scroll of fear {unknown}
Potions
 d - a potion of might
 e - a potion of haste {unknown}
Comestibles
 f - a ration {!d}
 g - 4 chunks of flesh


   Skills:
 - Level 3.0 Fighting
 + Level 2.2 Long Blades
 - Level 2.6 Armour
 - Level 2.9 Shields


You had one spell level left.
You didn't know any spells.
Your spell library was empty.

Dungeon Overview and Level Annotations

Branches:
Dungeon (1/15)

Altars:


Innate Abilities, Weirdness & Mutations

You have sharp fingernails.


Message History

The slug dart hits you.
You hit the dart slug but do no damage.
The dart slug is moderately wounded.
The dart slug misses you.
You slash the dart slug!
You kill the dart slug!
No target in view!
No target in view!
HP restored.
You butcher the dart slug corpse.
g - a chunk of flesh A kobold comes into view.
The kobold shouts!
The kobold throws a stone.
The stone hits you but does no damage.
You see here a stone.
A kobold is nearby!
A kobold is nearby!
A rat comes into view.
Found 12 gold pieces.
The kobold barely misses you.
You hit the kobold.
The kobold is moderately wounded.
The kobold barely misses you.
You hit the kobold.
You kill the kobold!
The rat bites you but does no damage.
You slash the rat!
You kill the rat!
Your Long Blades skill increases to level 2!
No target in view!
No target in view!
No target in view!
You butcher the rat corpse.
g - 2 chunks of flesh (gained 1)
You see here a rat skeleton. x2
You now have 12 gold pieces.
A hobgoblin comes into view. It is wielding a -1 club.
A hobgoblin is nearby!
A hobgoblin is nearby!
You hit the hobgoblin.
The hobgoblin is almost dead.
The hobgoblin barely misses you.
You barely miss the hobgoblin.
The hobgoblin is almost dead.
The hobgoblin hits you with a cursed -1 club.
You closely miss the hobgoblin.
The hobgoblin is almost dead.
The hobgoblin barely misses you.
You hit the hobgoblin.
You kill the hobgoblin!
No target in view!
Things that are here:
a cursed -1 club; a hobgoblin corpse You butcher the hobgoblin corpse.
g - 4 chunks of flesh (gained 2)
Things that are here:
a cursed -1 club; a hobgoblin skeleton
Things that are here:
a cursed -1 club; a hobgoblin skeleton
h - a scroll labeled URRURO YTZIBA
Things that are here:
a cursed -1 club; a hobgoblin skeleton
Found a stone staircase leading down.
You now have 27 gold pieces (gained 15).
A bat and a rat come into view.
The rat moves out of view.
Unknown command.
A hobgoblin and a dart slug come into view.
The hobgoblin shouts!
The bat closely misses you. The bat barely misses you.
The dart slug launches a dart at you. The slug dart misses you.
Found a helmet.
Found a stone staircase leading down.
You hit the bat.
You kill the bat!
A rat comes into view.
The hobgoblin hits you with a +0 club.
Found a ration and a fuming grey potion.
You hit the hobgoblin.
The hobgoblin is severely wounded.
The hobgoblin completely misses you.
You slash the hobgoblin!
You kill the hobgoblin!
Your scale mail prevents you from hitting the rat.
The rat bites you but does no damage. The dart slug launches a dart at you.
The slug dart misses you. The rat bites you but does no damage.
Your scale mail prevents you from hitting the rat.
The rat bites you.
The dart slug bites you but does no damage.
You closely miss the rat. The rat barely misses you.
You riposte.
You hit the rat.
You kill the rat!
You have reached level 2!
Your demonic ancestry asserts itself...
Your fingernails lengthen.
The rat bites you. The dart slug launches a dart at you.
The slug dart hits you.
Are you sure you want to abandon this character and quit the game? (Confirm with "yes".)

#.. .# ... .# #.# .#### .
#.# ##....#[#
#####.####### #.......!
............#####.......%
#>..............#†.......
#.........#.....@r.......
#..##.###########w.......
..###.# ##...>.......
.###..# #...##........ ##
#.######..# #........ #.#
#.(..## #........ ##.#
#.#...# #........
#..###.#.#.# ######..#
###...†..#...# .#.


You could see a dart slug and a rat.

Vanquished Creatures
  A dart slug (D:1)
  2 hobgoblins (D:1)
  A bat (D:1)
  A kobold (D:1)
  2 rats (D:1)
7 creatures vanquished.

Notes
Turn   | Place    | Note
-------+----------+-------------------------------------------
     0 | D:1      | CryoSword the Demonspawn Fighter began the quest for the
                  | Orb.
     0 | D:1      | Reached XP level 1. HP: 18/18 MP: 1/1
   139 | D:1      | Gained mutation: You have sharp fingernails. [demonic
                  | ancestry]
   139 | D:1      | Reached XP level 2. HP: 22/24 MP: 2/2
   140 | D:1      | Quit the game

Levels and vault maps discovered:
D:1:      lemuel_arrival_hallway, layout_rooms

Skill      XL: |  1 |
---------------+----+-----
Long Blades    | 2 |  2.2
Fighting       | |  3.0
Armour         | |  2.6
Shields        | |  2.9

Action                   || total
-------------------------++-------
Melee: Long sword        ||    17
Armor: Scale mail        ||     4
Dodge: Dodged            ||    12
       Rpst.: Long sword ||     1

Table legend:
 A = Non-vault XP
 B = Vault XP
 C = Vault XP percentage of total XP
 D = Non-vault monster count
 E = Vault monster count
 F = Vault count percentage of total count
                 A         B        C        D         E       F
            +---------+---------+-------+---------+---------+-------
      Total |      12 |       0 |   0.0 |       7 |       0 |   0.0
            +---------+---------+-------+---------+---------+-------
        D:1 |      12 |       0 |   0.0 |       7 |       0 |   0.0
            +---------+---------+-------+---------+---------+-------
